 Dungeon Crawl Stone Soup version 0.14-a0-1036-g6cac21b (webtiles) character file.

68 4tharraofdagon the Chopper (level 3, -6/27 HPs)
             Began as an Octopode Berserker on Nov 24, 2013.
             Was a Believer of Trog.
             Killed from afar by a goblin (8 damage)
             ... with a wand of frost
             ... on Level 3 of the Dungeon.
             The game lasted 00:02:50 (404 turns).

4tharraofdagon the Chopper (Octopode Berserker)      Turns: 404, Time: 00:02:50

HP  -6/27        AC  1     Str 17      XL: 3   Next: 54%
MP   2/2         EV 13     Int  9      God: Trog [**....]
Gold 26          SH  0     Dex 11      Spells:  0 memorised,  2 levels left

Res.Fire  : . . .   See Invis. : .   a - +0 hand axe
Res.Cold  : . . .   Warding    : .   (no shield)
Life Prot.: . . .   Conserve   : .   (helmet restricted)
Res.Poison: .       Res.Corr.  : .   (no amulet)
Res.Elec. : .       Clarity    : .   b - +5,+5 ring of slaying {unknown}
Sust.Abil.: . .     Spirit.Shd : .   (no ring)
Res.Mut.  : .       Stasis     : .   (no ring)
Res.Rott. : .       Flight     : .   (no ring)
Saprovore : . . .                    (no ring)
                                     (no ring)
                                     (no ring)
                                     (no ring)

@: exhausted, slowed, very slow, not resistant to hostile enchantments, fairly
stealthy
A: almost no armour, amphibious, 8 rings, constrict 8, camouflage 1, gelatinous
body 1
a: Burn Spellbooks, Berserk, Trog's Hand, Renounce Religion


You were on level 3 of the Dungeon.
You worshipped Trog.
Trog was pleased with you.
You were not hungry.

You visited 1 branch of the dungeon, and saw 3 of its levels.

You collected 26 gold pieces.

Inventory:

Hand weapons
 a - a +0,+0 hand axe (weapon)
Missiles
 j - 2 darts of frost (quivered)
Magical devices
 g - a wand of magic darts (11)
 i - a wand of slowing (13)
Comestibles
 c - 3 bread rations
Scrolls
 d - a scroll of remove curse {unknown}
 e - a scroll of enchant armour {unknown}
 f - a scroll of noise {unknown}
 h - a scroll of recharging {unknown}
Jewellery
 b - a +5,+5 ring of slaying (left tentacle) {unknown}


   Skills:
 + Level 3.4 Fighting
 * Level 3.8 Axes
 + Level 3.3 Dodging
 + Level 0.0 Evocations


You had 2 spell levels left.
You didn't know any spells.

Dungeon Overview and Level Annotations

Branches:
Dungeon (3/16)

Altars:
Cheibriados
Makhleb
Sif Muna
Vehumet

Annotations:
D:2 Terence


Innate Abilities, Weirdness & Mutations

You cannot wear most types of armour.
You are amphibious.
You can wear up to eight rings at the same time.
You can use your tentacles to constrict many enemies at once.
Your skin changes colour to match your surroundings (Stlth).
Your rubbery body absorbs attacks (AC +1).


Message History

Found a radiant altar of Vehumet.
There is an open door here.
A goblin comes into view.
The goblin shouts!
The goblin moves out of view.
The goblin zaps a wand.
The puff of frost misses you. The goblin hits you.
* * * LOW HITPOINT WARNING * * *
Unknown command.
Evoke which item? (* to show all) (? for menu, Esc to quit)
Zapping:
g - a wand of magic darts {zapped: 2}
Press: ? - help, Shift-Dir - straight line, f - goblin
Aim: a goblin carrying a wand of frost {zapped: 1}
Okay, then.
You hit the goblin. Your grab misses the goblin.
The goblin is moderately wounded.
The goblin zaps a wand.
The puff of frost hits you!
* * * LOW HITPOINT WARNING * * *
The goblin zaps a wand.
The puff of frost hits you!
You die...

## . # . .### .###....
####+........ ####+##
####.......#....
......###..'............#
......'...##....@#._
......######.....g......#
......# #.......#....
......# #............
......#######.....####
###'#.##....#.....#
#...#.##....###+###
>.###.())._.# .##
####....#


You could see a goblin.

Vanquished Creatures
  Jessica (D:3)
  A worm (D:3)
  An orc (D:3)
  3 giant cockroaches
  A hobgoblin (D:1)
  4 kobolds
  A quokka (D:3)
  A bat (D:3)
  A giant newt (D:3)
  4 goblins
  A rat (D:1)
19 creatures vanquished.

Vanquished Creatures (others)
  A goblin (D:1)
1 creature vanquished.

Grand Total: 20 creatures vanquished

Notes
Turn   | Place    | Note
--------------------------------------------------------------
     0 | D:1      | 4tharraofdagon, the Octopode Berserker, began the quest for the Orb.
     0 | D:1      | Reached XP level 1. HP: 16/16 MP: 0/0
     0 | D:1      | Yolobear: if the apts were at least normal
    32 | D:1      | Yolobear: I mean they would still be below average
    34 | D:1      | Turgon: Yolobear: exactly - Dg have too few advantages
    34 | D:1      | Yolobear: but
    53 | D:1      | Yolobear: yeah
    93 | D:1      | Turgon: Hey, this Dg looks funny
   104 | D:1      | Turgon: It has 8 tentacles!
   117 | D:1      | Yolobear: they make cool lategame chars
   139 | D:1      | Yolobear: since you can be anything
   146 | D:1      | Reached XP level 2. HP: 13/21 MP: 1/1
   148 | D:1      | Yolobear: at the same time
   151 | D:1      | Yolobear: sort of
   204 | D:2      | Noticed Terence
   233 | D:3      | Turgon: Yolobear, did you ever win a demigod? Do you know what it means to play without god?
   235 | D:3      | Found a deep blue altar of Sif Muna.
   252 | D:3      | Found a burning altar of Makhleb.
   257 | D:3      | Noticed Jessica
   264 | D:3      | Killed Jessica
   264 | D:3      | Reached XP level 3. HP: 19/27 MP: 2/2
   275 | D:3      | Yolobear: I won one game
   275 | D:3      | Yolobear: ever
   276 | D:3      | Yolobear: it was a NaFi
   311 | D:3      | Yolobear: but I do have 2 alive Dgs currently
   343 | D:3      | Yolobear: at some point splatted one in vaults to jory
   361 | D:3      | Yolobear: 'twas a sad day
   368 | D:3      | Found a snail-covered altar of Cheibriados.
   381 | D:3      | Acquired Trog's second power
   384 | D:3      | Yolobear: well night
   398 | D:3      | Found a radiant altar of Vehumet.
   404 | D:3      | Yolobear: to think that I have only myself to blame D=
   404 | D:3      | Killed from afar by a goblin

Action                   || total
-------------------------++-------
Melee: Hand axe          ||    23
Invok: Berserk           ||     2
 Stab: Sleeping          ||     2
